 Dungeon Crawl Stone Soup version 0.16.1-28-gcc2312f (webtiles) character file.

88 Alarkh the Ruffian (level 4, -4/37 (38) HPs)
             Began as a Ghoul Monk on May 25, 2015.
             Slain by a gnoll
             ... wielding a +0 halberd of chopping
              (10 damage)
             ... on level 2 of the Dungeon.
             The game lasted 00:02:58 (1869 turns).

Alarkh the Ruffian (Ghoul Monk)                     Turns: 1869, Time: 00:02:58

HP:   -4/37 (38)    AC:  2    Str: 19    XL:     4   Next: 53%
MP:   3/3           EV: 12    Int:  6    God:
Gold: 77            SH:  0    Dex: 11    Spells: 0 memorised, 3 levels left

rFire  . . .     SeeInvis .       - Unarmed
rCold  + . .     Clarity  .     a - +0 robe
rNeg   + + +     SustAb   .     (no shield)
rPois  ∞         Gourm    .     (no helmet)
rElec  .         Spirit   .     (no cloak)
rCorr  .         Warding  .     (no gloves)
rMut   .         Stasis   .     (no boots)
MR     .....                    (no amulet)
Stlth  ++........               (no ring)
                                (no ring)

@: mighty, rotting, not resistant to hostile enchantments, unstealthy
A: rotting body, claws 1, carnivore 3, cold resistance 1, negative energy
resistance 3, poison resistance, slow healing 1, torment resistance, unbreathing
a: no special abilities


You were on level 2 of the Dungeon.
You were not hungry.

You visited 1 branch of the dungeon, and saw 3 of its levels.

You collected 77 gold pieces.

Inventory:

Armour
 a - a +0 robe (worn)
Magical devices
 d - a wand of slowing (15)
Scrolls
 b - a scroll of noise {unknown}
 e - a scroll of recharging {unknown}
 f - a scroll of teleportation {unknown}
 i - 2 scrolls of magic mapping {unknown}
Potions
 g - a potion of restore abilities


   Skills:
 - Level 3.2 Fighting
 - Level 2.6 Dodging
 - Level 2.1 Stealth
 + Level 6.4 Unarmed Combat


You had 3 spell levels left.
You didn't know any spells.

Dungeon Overview and Level Annotations

Branches:
Dungeon (3/15)

Altars:

Annotations:
D:3 Robin


Innate Abilities, Weirdness & Mutations

Your body is rotting away.
You thrive on raw meat.
You have sharp fingernails.
You are carnivorous and can eat meat at any time.
Your flesh is cold resistant.
You are immune to negative energy.
Your system is resistant to poisons.
You heal slowly when monsters are visible.
You are immune to unholy pain and torment.
You can survive without breathing.


Message History

The gnoll is almost dead.
The gnoll hits you but does no damage.
You closely miss the gnoll.
The gnoll is almost dead.
You closely miss the gnoll.
The gnoll is almost dead.
The gnoll completely misses you.
You barely miss the gnoll.
The gnoll is almost dead.
The gnoll hits you with a spear.
You claw the gnoll!
You kill the gnoll!
You see here a spear.
The gnoll hits you from afar with a halberd of chopping.
* * * LOW HITPOINT WARNING * * *
x2 You claw the gnoll!
The gnoll begins to bleed from its wounds!
The gnoll is severely wounded.
The gnoll hits you with a halberd of chopping!
You die...

#.###.....########.#.#........)..
#................#.#..........###
###########........###........#
#######.........###.##
#.......#### #.<## ##.##....#
##..# ##..###).### ##.#
##.g##......# #.. ##...@..#.##.#
### ###.>.#####.#### #
#....)#.....# # #
####.#.##..##### # #
##......#..## # # #......##.## ##
#......#..# #####.
######........##############.....
.............).>........<....####


You could see a gnoll (bleeding).

Vanquished Creatures
  Ijyb (D:2)
  A gnoll (D:2)
  2 worms
  3 giant cockroaches
  6 goblins
  8 hobgoblins
  5 kobolds
  A quokka (D:2)
  9 bats
  A giant newt (D:1)
  5 rats
42 creatures vanquished.

Notes
Turn   | Place    | Note
--------------------------------------------------------------
     0 | D:1      | Alarkh, the Ghoul Monk, began the quest for the Orb.
     0 | D:1      | Reached XP level 1. HP: 19/19 MP: 1/1
   109 | D:1      | Reached XP level 2. HP: 13/26 MP: 2/2
   145 | D:1      | You fall through a shaft!
   191 | D:2      | Reached skill level 5 in Unarmed Combat
   649 | D:1      | Reached XP level 3. HP: 20/30 MP: 3/3
  1396 | D:2      | Noticed Ijyb
  1437 | D:2      | Killed Ijyb
  1437 | D:2      | Reached skill level 6 in Unarmed Combat
  1437 | D:2      | Reached XP level 4. HP: 34/36 MP: 3/3
  1692 | D:3      | Noticed Robin
  1869 | D:2      | Slain by a gnoll

Action                   |  1- 3 |  4- 6 || total
-------------------------+-------+-------++-------
Melee: Unarmed           |    93 |    29 ||   122
  Use: Potion            |     2 |     1 ||     3
       Scroll            |       |     2 ||     2
 Stab: Sleeping          |     3 |       ||     3
  Eat: Chunk             |    10 |     1 ||    11
